Map: New Repugnancy LE

Players

Reynor - Winner!

  • Race: Zerg Zerg
  • Spawn Location: 1:00

MaNa

  • Race: Protoss Protoss
  • Spawn Location: 7:00

Event: 2019 WCS Spring

VOD

Have the link to the VOD?

Description

Time

  • Played on: May 17, 2019, 10:23 a.m.
  • Length: 3:50

All games in this series

Show
View Real Time Build Order
Export as new Build Order

Reynor Zerg - Winner!

Build Orders: Hatch First 

Get SALT Encoding   

  12  0:00  Drone  
  13  0:12  Overlord  
  13  0:16  Drone  
  14  0:30  Drone x2  
  16  0:47  Drone x2  
  18  0:56  Hatchery  
  17  0:59  Drone  
  17  1:01  Extractor  
  17  1:15  Spawning Pool  
  17  1:18  Drone  
  17  1:21  Drone  
  18  1:27  Drone  
  19  1:38  Overlord  
  19  2:01  Zergling x4  
  19  2:02  Queen  
  19  2:03  Metabolic Boost  
  23  2:08  Queen  
  23  2:10  Zergling x2  
  23  2:13  Zergling x2  
  27  2:19  Zergling x2  
  28  2:40  Hatchery, Zergling x2  
  28  2:42  Zergling x4  
  30  2:46  Zergling x2  
  30  2:49  Zergling x2  
  32  2:55  Zergling x2  
  32  2:56  Zergling x2  
  34  3:03  Overlord  
  33  3:09  Zergling x2  
  34  3:18  Zergling x4  
  36  3:20  Overlord  
  36  3:22  Zergling x4  
  38  3:30  Zergling x4  
Show
View Real Time Build Order
Export as new Build Order

MaNa Protoss 

Build Orders: 1 Gate Expand 

Get SALT Encoding   

  12  0:00  Probe  
  13  0:13  Probe  
  13  0:16  Pylon  
  14  0:21  Probe  
  15  0:32  Probe  
  16  0:43  Gateway  
  16  0:44  Probe  
  17  0:50  Assimilator  
  17  0:56  Probe  
  18  1:08  Probe  
  19  1:20  Probe  
  20  1:25  Nexus  
  20  1:37  Cybernetics Core  
  20  1:39  Probe  
  21  1:46  Assimilator  
  21  1:51  Probe  
  22  1:56  Pylon  
  22  2:03  Probe  
  22  2:04  Adept  
  23  2:15  Probe  
  26  2:25  Stalker  
  26  2:27  Probe  
  27  2:35  Twilight Council  
  29  2:38  Probe  
  29  2:39  Probe  
  31  2:50  Probe  
  32  2:53  Robotics Facility  
  32  2:54  Probe  
  33  3:02  Probe  
  34  3:06  Probe  
  34  3:09  Adept  
  35  3:14  Probe  
  36  3:21  Gateway  
  36  3:26  Probe, Pylon  
  29  3:45  Pylon  
Tags
 
Add a new tag
Caveats
  • Supply blocks, unpowered buildings, or Contaminate may cause inaccurate times.
  • Supply counts are checked every 10 seconds.